Map: 프랙처 LE

Players

INnoVation - Winner!

  • Race: Terran Terran
  • League: Master
  • Spawn Location: 5:00

lllIIIIllIIl

  • Race: Terran Terran
  • League: Master
  • Spawn Location: 11:00

VOD

Have the link to the VOD?

Description

Time

  • Played on: Aug. 17, 2018, 5:08 a.m.
  • Length: 4:05
Show
View Real Time Build Order
Export as new Build Order

INnoVation Terran - Winner!

Build Orders: Cyclone Opening 

Get SALT Encoding   

  12  0:00  SCV  
  13  0:13  SCV  
  14  0:17  Supply Depot  
  14  0:25  SCV  
  14  0:28  Refinery  
  15  0:38  SCV  
  16  0:44  Barracks  
  16  0:50  SCV  
  16  0:54  Refinery  
  17  1:03  SCV  
  18  1:15  SCV  
  19  1:31  Orbital Command, Factory  
  19  1:33  Reaper  
  20  1:41  Supply Depot  
  20  1:56  SCV  
  21  2:05  Reaper  
  22  2:08  SCV  
  22  2:14  Cyclone  
  26  2:20  SCV  
  27  2:30  Command Center  
  27  2:32  SCV  
  28  2:40  Barracks Reactor  
  28  2:43  Supply Depot  
  28  2:49  Cyclone  
  31  3:04  SCV  
  31  3:05  Supply Depot  
  32  3:16  SCV  
  36  3:27  Cyclone x2  
  36  3:28  SCV  
  40  3:41  SCV  
Show
View Real Time Build Order
Export as new Build Order

lllIIIIllIIl Terran 

Build Orders: Cyclone Opening, Reaper Expand 

Get SALT Encoding   

  12  0:00  SCV  
  13  0:13  SCV  
  14  0:17  Supply Depot  
  14  0:25  SCV  
  15  0:31  Refinery  
  15  0:38  SCV  
  16  0:44  Barracks  
  16  0:50  SCV  
  17  1:02  SCV  
  18  1:15  SCV  
  19  1:31  Reaper, Orbital Command  
  20  1:42  Command Center  
  20  1:51  Factory  
  20  1:57  SCV  
  21  2:01  Supply Depot  
  21  2:08  Refinery  
  21  2:09  Barracks Reactor  
  21  2:13  SCV  
  22  2:25  SCV  
  23  2:37  SCV  
  23  2:39  Cyclone  
  27  2:45  Marine x2  
  27  2:49  SCV  
  30  2:54  Orbital Command  
  30  3:01  SCV, Starport  
  30  3:04  Marine x2  
  33  3:12  Factory Tech Lab  
  33  3:13  SCV  
  34  3:21  SCV  
  34  3:22  Marine x2  
  34  3:25  SCV  
  38  3:32  Supply Depot  
  38  3:33  SCV  
  39  3:38  SCV  
  39  3:40  Marine x2  
  42  3:45  SCV  
Tags
 
Add a new tag
Caveats
  • Supply blocks, unpowered buildings, or Contaminate may cause inaccurate times.
  • Supply counts are checked every 10 seconds.